 Dungeon Crawl Stone Soup version 0.27.0-66-gdc8fb28755 (webtiles) character file.

Game seed: 10116700028102830203

9038 funkygono the Thaumaturge (level 11, -3/62 HPs)
             Began as a Gargoyle Fire Elementalist on Aug 20, 2021.
             Was a Priest of Vehumet.
             Slain by Snorg (14 damage)
             ... on level 11 of the Dungeon.
             The game lasted 00:28:35 (14406 turns).

funkygono the Thaumaturge (GrFE)                   Turns: 14406, Time: 00:28:35

Health: -3/62      AC: 16    Str: 12    XL:     11   Next: 40%
Magic:  10/23      EV: 12    Int: 25    God:    Vehumet [***...]
Gold:   198        SH:  6    Dex: 10    Spells: 0/26 levels left

rFire    . . .     SeeInvis .   r - +2 flail (protect)
rCold    . . .     Faith    +   t - +2 buckler
rNeg     + . .     Spirit   .   a - +0 robe
rPois    ∞         Reflect  .   l - +2 hat
rElec    +         Harm     .   H - +2 cloak
rCorr    .         Rampage  .   (no gloves)
Will     .....                  g - +0 pair of boots
Stlth    ++........             n - amulet of faith
HPRegen  0.20/turn              k - +4 ring of slaying
MPRegen  0.18/turn              C - +6 ring of intelligence

@: no status effects
A: sickness immunity, AC +8, negative energy resistance 1, electricity
resistance, torment resistance 1, petrification resistance
a: Renounce Religion


You were on level 11 of the Dungeon.
You worshipped Vehumet.
Vehumet was most pleased with you.
You visited 2 branches of the dungeon, and saw 12 of its levels.

You collected 505 gold pieces.
You spent 307 gold pieces at shops.

Inventory:

Hand Weapons
 c - a +3 mace
 r - a +2 flail of protection (weapon)
 y - a +2 quarterstaff of chaos
 J - a +0 mace of draining
Missiles
 b - 240 stones
 m - 2 throwing nets
Armour
 a - a +0 robe (worn)
 g - a +0 pair of boots (worn)
 l - a +2 hat (worn)
 t - a +2 buckler (worn)
 v - the +0 kite shield of Fanaticism {Stlth+}
   (You found it on level 7 of the Dungeon)

   Stlth:     It makes you more stealthy.
 z - a +0 cloak
 E - a +0 troll leather armour
 G - a +2 plate armour of fire resistance
 H - a +2 cloak (worn)
Jewellery
 k - a +4 ring of slaying (left hand)
 n - an amulet of faith (around neck)
 q - an amulet of reflection
 C - a +6 ring of intelligence (right hand)
Wands
 p - a wand of polymorph (8)
 F - a wand of paralysis (8)
 I - a wand of acid (9)
Scrolls
 d - a scroll of torment
 e - 4 scrolls of teleportation
 i - 2 scrolls of vulnerability
 o - 2 scrolls of blinking
 s - a scroll of magic mapping
 D - a scroll of amnesia
 K - a scroll of fog
Potions
 f - a potion of flight
 h - 3 potions of mutation
 j - 4 potions of curing
 u - 2 potions of heal wounds
 w - 2 potions of berserk rage
 x - a potion of resistance
 A - 2 potions of brilliance
 B - 2 potions of magic


   Skills:
 + Level 4.4 Fighting
 + Level 7.2 Maces & Flails
 + Level 4.6 Dodging
 - Level 2.1 Stealth
 + Level 2.3 Shields
 + Level 8.2 Spellcasting
 + Level 7.6 Conjurations
 + Level 7.4 Fire Magic
 + Level 6.5 Earth Magic


You couldn't memorise any spells.
You knew the following spells:

 Your Spells              Type           Power      Damage    Failure   Level
a - Foxfire               Conj/Fire      100%       2x1d9     1%          1
b - Conjure Flame         Conj/Fire      48%        6-21      1%          3
c - Sticky Flame          Conj/Fire      48%        2d7       1%          4
d - Fireball              Conj/Fire      24%        3d11      2%          5
e - Sandblast             Erth           86%        2d18      1%          1
f - Ignite Poison         Fire/Tmut/Pois 22%        N/A       2%          3
g - Freeze                Ice            40%        1d6       2%          1
h - Bolt of Magma         Conj/Fire/Erth 23%        4d11      3%          5
i - Mephitic Cloud        Conj/Pois/Air  23%        N/A       2%          3

Your spell library contained the following spells:

 Spells                   Type           Power      Damage    Failure   Level
 Iskenderun's Mystic Bla  Conj/Tloc      29%        2d7       4%          4
 Inner Flame              Hex/Fire       29%        N/A       1%          3
 Slow                     Hex            10%        N/A       11%         2
 Irradiate                Conj/Tmut      14%        3d18      11%         5
 Petrify                  Tmut/Erth      26%        N/A       19%         4
 Confusing Touch          Hex            10%        N/A       22%         3
 Yara's Violent Unravell  Hex/Tmut       5%         3d4       45%         5
 Borgnjor's Revivificati  Necr           5%         N/A       100%        8
 Necromutation            Tmut/Necr      5%         N/A       100%        8
 Death's Door             Necr           5%         N/A       100%        9
 Sublimation of Blood     Necr           Unusable   N/A       N/A         2

Dungeon Overview and Level Annotations

Branches:
Dungeon (11/15)            Temple (1/1) D:5            Lair (0/6) D:9
    Orc (0/2) D:9

Altars:
Ashenzari
Cheibriados
Dithmenos
Elyvilon
Fedhas
Gozag
Hepliaklqana
Kikubaaqudgha
Makhleb
Nemelex Xobeh
Okawaru
Qazlal
Ru
Sif Muna
Trog
Uskayaw
Vehumet
Wu Jian
Xom
Yredelemnul
Zin
The Shining One

Shops:
D:5 !   D:9 [

Annotations:
D:8 2 transporters, Hydra2011's ghost, novice DrCj
D:10 2 transporters, Millie's ghost, novice MiFi
D:11 Snorg


Innate Abilities, Weirdness & Mutations

You are immune to sickness and miasma.
Your stone body is resilient. (AC +8)
You are immune to poison.
You resist negative energy. (rN+)
You are resistant to electric shocks. (rElec)
You are resistant to unholy torment.
You are immune to petrification.


Message History

The cyclops burns!
Snorg rages.
The cyclops burns!
The cyclops burns!
You kill the cyclops!
Vehumet accepts your kill.
You feel your power returning. Snorg completely misses you.
You block Snorg's attack. Snorg misses you.
Casting: Sticky Flame (dangerous; 1% risk of failure)
Confirm with . or Enter, or press ? or * to list all spells.
Aiming: Sticky Flame (dangerous; 1% risk of failure)
Press: ? - help, Shift-Dir - straight line, f - Snorg
Aim: Snorg (berserk, 100% to hit)
The sticky flame hits Snorg!
Snorg is lightly wounded.
Snorg is covered in liquid flames!
Snorg burns!
You block Snorg's attack. x3
Snorg bites you. Snorg claws you! Snorg barely misses you.
Snorg burns!
Snorg burns!
Snorg bites you but does no damage. Snorg claws you but does no damage.
Snorg barely misses you.
Casting: Sticky Flame (dangerous; 1% risk of failure)
Confirm with . or Enter, or press ? or * to list all spells.
Aiming: Sticky Flame (dangerous; 1% risk of failure)
Press: ? - help, Shift-Dir - straight line, f/p - Snorg
Aim: Snorg (lightly wounded, berserk, covered in liquid flames, 100% to hit)
The sticky flame hits Snorg!
Snorg is lightly wounded.
Snorg is covered in liquid flames!
Snorg burns!
You block Snorg's attack. Snorg claws you! Snorg claws you.
Snorg burns!
Snorg bites you. You block Snorg's attack. Snorg claws you!
Snorg burns!
You block Snorg's attack. Snorg claws you.
* * * LOW HITPOINT WARNING * * *
Snorg claws you!
* * * LOW HITPOINT WARNING * * *
Snorg burns!
You feel much better.
Snorg burns!
Snorg bites you. You block Snorg's attack. Snorg claws you!
* * * LOW HITPOINT WARNING * * *
Snorg bites you!
You die...

... .#'###
#.###......
#.#.'......
########.#.#.....#
.................>
#.#######.#(###..#
#.##......#.#
####......##.#T.
.......@T#######.
###..........# ##
#.####...#.#
#.#.####.#.#
######'#......#.#
#........######.###
#.................+
+........######.###
#........# #.#


You could see Snorg (berserk, burning).

Vanquished Creatures
  2 two-headed ogres
  A cyclops (D:11)
  5 trolls
  Sigmund (D:5)
  A shadow (D:10)
  8 yaks
  2 wyverns (D:7)
  A steam dragon (D:6)
  An acid dragon (D:9)
  4 water moccasins
  2 ice beasts (D:6)
  2 hornet zombies
  A sky beast (D:6)
  10 orc warriors
  A necrophage (D:4)
  4 ogres
  2 centaurs
  A phantom (D:5)
  A kobold brigand (D:8)
  2 gnoll sergeants
  A wyvern zombie (D:8)
  2 scorpions
  3 wights (D:8)
  5 killer bees (D:6)
  3 howler monkeys
  4 electric eels (D:6)
  3 bullfrog zombies
  A hound (D:4)
  3 orc priests (D:9)
  Crazy Yiuf (D:7)
  3 bullfrog skeletons
  A gnoll shaman (D:7)
  7 orc wizards
  A killer bee zombie (D:6)
  7 adders
  13 gnolls
  A howler monkey skeleton (D:7)
  A shadow imp (D:3)
  2 worms
  9 dart slugs
  28 orcs
  4 bats
  8 endoplasms
  A giant cockroach (D:1)
  9 goblins
  6 hobgoblins
  18 jackals
  10 kobolds
  6 quokkas
  12 ball pythons
  6 frilled lizards
  A quokka skeleton (D:4)
  2 rats
234 creatures vanquished.

Vanquished Creatures (collateral kills)
  6 foxfires
6 creatures vanquished.

Vanquished Creatures (others)
  678 foxfires
  12 fungi
  19 plants
709 creatures vanquished.

Grand Total: 949 creatures vanquished

Notes
Turn   | Place    | Note
-------+----------+-------------------------------------------
     0 | D:1      | funkygono the Gargoyle Fire Elementalist began the quest
                  | for the Orb.
     0 | D:1      | Reached XP level 1. HP: 10/10 MP: 3/3
   138 | D:1      | Reached XP level 2. HP: 6/15 MP: 0/5
   583 | D:1      | Reached XP level 3. HP: 17/19 MP: 1/6
   790 | D:1      | Learned a level 3 spell: Conjure Flame
  1811 | D:2      | Reached XP level 4. HP: 24/24 MP: 3/7
  1867 | D:2      | Learned a level 3 spell: Ignite Poison
  2664 | D:3      | Reached skill level 1 in Maces & Flails
  2837 | D:3      | Reached XP level 5. HP: 28/28 MP: 4/9
  3333 | D:4      | Reached skill level 1 in Fighting
  3399 | D:4      | Reached skill level 3 in Spellcasting
  3399 | D:4      | Reached XP level 6. HP: 34/34 MP: 3/10
  3404 | D:4      | Learned a level 4 spell: Sticky Flame
  3534 | D:4      | Noticed a necrophage
  3540 | D:4      | Killed a necrophage
  3848 | D:4      | Found a shimmering altar of Xom.
  3928 | D:4      | Reached XP level 7. HP: 33/39 MP: 8/12
  4285 | D:5      | Entered Level 5 of the Dungeon
  4285 | D:5      | Found Ulanypo's Distillery.
  4391 | D:5      | Found a staircase to the Ecumenical Temple.
  4400 | Temple   | Entered the Ecumenical Temple
  4461 | Temple   | Became a worshipper of Vehumet
  4525 | D:5      | Found a basalt altar of Yredelemnul.
  4723 | D:5      | Noticed Sigmund
  4770 | D:5      | Killed Sigmund
  4771 | D:5      | Reached skill level 4 in Spellcasting
  4771 | D:5      | Reached skill level 5 in Fire Magic
  5788 | D:6      | Reached XP level 8. HP: 42/44 MP: 6/14
  6032 | D:6      | Reached skill level 5 in Conjurations
  6035 | D:6      | HP: 1/44 [killer bee (4)]
  6409 | D:6      | Reached skill level 5 in Spellcasting
  7176 | D:6      | Reached * piety under Vehumet
  7176 | D:6      | Offered knowledge of Sandblast by Vehumet.
  7177 | D:6      | Reached XP level 9. HP: 30/49 MP: 13/16
  7179 | D:6      | Learned a level 1 spell: Sandblast
  7185 | D:6      | Learned a level 5 spell: Fireball
  7494 | D:6      | Reached skill level 1 in Earth Magic
  7911 | D:6      | Noticed a troll
  7922 | D:6      | Killed a troll
  7923 | D:6      | Reached skill level 5 in Maces & Flails
  9015 | D:7      | Found an iron altar of Okawaru.
  9069 | D:7      | Identified the +0 kite shield of Fanaticism {Stlth+}
  9386 | D:7      | Found a snail-covered altar of Cheibriados.
  9668 | D:7      | Found a runed translucent door.
  9669 | D:7      | Noticed Crazy Yiuf
  9677 | D:7      | Killed Crazy Yiuf
  9678 | D:7      | Reached skill level 6 in Spellcasting
 10088 | D:5      | Bought a potion of heal wounds for 60 gold pieces
 10176 | D:8      | Offered knowledge of Freeze by Vehumet.
 10182 | D:8      | Reached XP level 10. HP: 53/56 MP: 19/19
 10183 | D:8      | Reached skill level 1 in Shields
 10184 | D:8      | Reached ** piety under Vehumet
 10192 | D:8      | Learned a level 1 spell: Freeze
 10583 | D:8      | Found an ornate altar of the Wu Jian Council.
 10590 | D:8      | Noticed a two-headed ogre
 10605 | D:8      | Killed a two-headed ogre
 10606 | D:8      | Reached skill level 5 in Earth Magic
 10991 | D:8      | Noticed Hydra2011's ghost (novice DrCj)
 11090 | D:8      | Found a transporter.
 11156 | D:8      | Found a transporter.
 11395 | D:8      | Found a hazy altar of Hepliaklqana.
 11980 | D:9      | Found Uduin's Armour Emporium.
 12003 | D:9      | Offered knowledge of Dazzling Flash by Vehumet.
 12073 | D:9      | Found a staircase to the Orcish Mines.
 12133 | D:9      | Bought a +2 cloak for 247 gold pieces
 12278 | D:9      | Found a staircase to the Lair.
 12302 | D:9      | Reached *** piety under Vehumet
 12661 | D:9      | Reached skill level 7 in Spellcasting
 13161 | D:9      | Learned a level 5 spell: Bolt of Magma
 13172 | D:10     | Entered Level 10 of the Dungeon
 13316 | D:10     | Offered knowledge of Iskenderun's Mystic Blast by Vehumet.
 13317 | D:10     | Reached XP level 11. HP: 55/61 MP: 12/22
 13627 | D:10     | Found a transporter.
 13634 | D:10     | Found a transporter.
 13649 | D:10     | Noticed Millie's ghost (novice MiFi)
 13688 | D:10     | Noticed a two-headed ogre
 13694 | D:10     | Killed a two-headed ogre
 13848 | D:10     | Reached skill level 8 in Spellcasting
 14176 | D:10     | Learned a level 3 spell: Mephitic Cloud
 14391 | D:11     | Noticed Snorg
 14391 | D:11     | Noticed a cyclops
 14397 | D:11     | Killed a cyclops
 14404 | D:11     | HP: 2/62 [Snorg (15)]
 14406 | D:11     | Slain by Snorg

Illustrated notes

Levels and vault maps discovered:
D:1:      dpeg_arrival_fog, layout_rooms, minmay_misc_feat_tower
D:2:      layout_loops_ring
D:3:      minmay_wonky_spiral, layout_basic
D:4:      layout_rooms, mainiacjoe_overflow_alcove_4
D:5:      layout_basic, lemuel_doored_altar, minmay_temple_entry_antechambers,
          serial_shops, nicolae_stop_n_shop_1, uniq_sigmund
D:6:      layout_basic, serial_bayou, serial_bayou_pond_b, serial_bayou_ford_a,
          serial_bayou_shore_a, serial_bayou_pond_e
D:7:      layout_basic, mainiacjoe_overflow_brackets, kennysheep_little_box,
          uniq_crazy_yiuf_cottage
D:8:      layout_loops_corners, nzn_hepliaklqana_mist_gate,
          mainiacjoe_overflow_small_starburst, gammafunk_ghost_mausoleum
D:9:      layout_roguey, dpeg_oklobed_lair, orc_david_3,
          chequers_decorated_corner
D:10:     layout_small_grid, gammafunk_ghost_hive
D:11:     layout_basic, uniq_sonja, uniq_snorg
Temple:   nicolae_temple_x_marks_the_god

Skill      XL: |  1  2  3  4  5  6  7  8  9 10 11 |
---------------+----------------------------------+-----
Dodging        | 2 3 4 |  4.6
Conjurations   | 2 3 4 5 6 7 |  7.6
Maces & Flails | 1 2 3 4 6 7 |  7.2
Fire Magic     | 4 5 6 7 |  7.4
Fighting       | 1 2 3 4 |  4.4
Spellcasting   | 3 4 5 6 7 8 |  8.2
Earth Magic    | 4 5 6 |  6.5
Shields        | 2 |  2.3
Stealth        | |  2.1

Action                   |  1- 3 |  4- 6 |  7- 9 | 10-12 || total
-------------------------+-------+-------+-------+-------++-------
Melee: Mace              |    33 |    61 |    77 |       ||   171
       Flail             |       |       |    88 |   104 ||   192
 Cast: Foxfire           |    58 |    83 |   140 |   125 ||   406
       Conjure Flame     |       |       |     4 |     6 ||    10
       Sticky Flame      |       |       |     1 |    11 ||    12
       Sandblast         |       |       |       |    44 ||    44
       Bolt of Magma     |       |       |       |     9 ||     9
  Use: Scroll            |     2 |     7 |     8 |     3 ||    20
       Potion            |       |       |     1 |     1 ||     2
 Stab: Sleeping          |     1 |       |     1 |     1 ||     3
Armor: Robe              |    19 |    31 |   109 |    57 ||   216
Dodge: Dodged            |    41 |    41 |   170 |    58 ||   310
Block: Buckler           |       |       |    22 |    42 ||    64
